 Dungeon Crawl Stone Soup version 0.22-a0-40-g3d2f077 (webtiles) character file.

86 4thArraOfDagon the Slasher (level 4, -3/40 HPs)
             Began as a Deep Elf Berserker on Jan 4, 2018.
             Was a Follower of Trog.
             Killed by divine providence
             ... invoked by an orc priest
              (13 damage)
             ... on level 4 of the Dungeon.
             The game lasted 00:02:32 (524 turns).

4thArraOfDagon the Slasher (Deep Elf Berserker)      Turns: 524, Time: 00:02:33

Health: -3/40      AC:  5    Str: 19    XL:     4   Next: 27%
Magic:  6/6        EV: 12    Int: 13    God:    Trog [*.....]
Gold:   67         SH:  0    Dex: 14    Spells: 3/3 levels left

rFire    . . .     SeeInvis .   a - +0 falchion
rCold    . . .     Gourm    .   (no shield)
rNeg     . . .     Faith    .   h - +0 ring mail
rPois    .         Spirit   .   (no helmet)
rElec    .         Reflect  .   (no cloak)
rCorr    .         Harm     .   (no gloves)
MR       ++...                  (no boots)
Stlth    ..........             (no amulet)
HPRegen  1.13/turn              k - +2 ring of slaying
MPRegen  0.10/turn              (no ring)

@: berserking, regenerating, very quick
A: no striking features
a: Berserk, Burn Spellbooks, Renounce Religion


You were on level 4 of the Dungeon.
You worshipped Trog.
Trog was aware of your devotion.
You were very hungry.

You visited 1 branch of the dungeon, and saw 4 of its levels.

You collected 67 gold pieces.

Inventory:

Hand Weapons
 a - a +0 falchion (weapon)
Armour
 b - a +0 animal skin
 h - a +0 ring mail (worn)
Jewellery
 k - a +2 ring of slaying (left hand)
Wands
 i - a wand of disintegration (6)
 l - a wand of flame (29)
Scrolls
 d - 2 scrolls of fog
 f - a scroll of remove curse
 j - a scroll of amnesia
Potions
 e - 2 potions of curing
 g - a potion of lignification {unknown}
 m - a potion of brilliance {unknown}
Comestibles
 c - 2 rations


   Skills:
 - Level 2.4 Fighting
 * Level 4.7 Long Blades
 - Level 1.5 Armour
 - Level 2.4 Dodging


You had 3 spell levels left.
You didn't know any spells.

Dungeon Overview and Level Annotations

Branches:
Dungeon (4/15)
 Temple: D:4-7

Altars:
Vehumet

Shops:
D:4 %


Message History

The hound skeleton barely misses you.
You riposte.
You closely miss the hound skeleton.
The hound skeleton is severely damaged.
The hound skeleton bites you but does no damage.
The orc priest mumbles some strange prayers to Beogh against you.
You resist with almost no effort. The hound skeleton closely misses you.
Unknown command.
Unknown command.
A red film seems to cover your vision as you go berserk!
You feel yourself moving faster!
You feel mighty!
You are feeling very hungry.
The hound skeleton misses you.
The orc priest mumbles some strange prayers to Beogh against you.
Beogh smites you!
* * * LOW HITPOINT WARNING * * *
You closely miss the orc priest.
The hound skeleton bites you but does no damage.
The orc priest invokes the aid of Beogh against you.
Beogh smites you!
You die...

....# ....## .....##
##......# #...%....
##........ #......#
##..%.### #@Z.%##
...#####o..#####
.......).......###
.....##.)........###
... ##............##
. #.....%........##
#...............##
#................#
#.............###


You could see an orc priest and a hound skeleton.

Vanquished Creatures
  An orc wizard (D:4)
  A worker ant (D:4)
  An adder (D:3)
  2 leopard geckos (D:4)
  2 orcs (D:4)
  2 bats
  A giant cockroach (D:2)
  6 goblins
  2 hobgoblins (D:1)
  2 kobolds
20 creatures vanquished.

Notes
Turn   | Place    | Note
-------+----------+-------------------------------------------
     0 | D:1      | 4thArraOfDagon the Deep Elf Berserker began the quest for the Orb.
     0 | D:1      | Reached XP level 1. HP: 13/13 MP: 3/3
     9 | D:1      | Reached skill level 3 in Long Blades
    68 | D:1      | Reached XP level 2. HP: 18/18 MP: 4/4
   362 | D:4      | Reached skill level 4 in Long Blades
   362 | D:4      | Reached XP level 3. HP: 22/22 MP: 5/5
   410 | D:4      | Found Jirud's Food Shop.
   428 | D:4      | Found a radiant altar of Vehumet.
   506 | D:4      | Reached ** piety under Trog
   509 | D:4      | Reached XP level 4. HP: 13/27 MP: 6/6
   524 | D:4      | Killed from afar by an orc priest

Vault maps used:
D:1:      mrwooster_arrival_arrow
D:2:      hangedman_ru_absence, cheibriados_altar_1, first_ration,
          minmay_misc_feat_square
D:3:      nicolae_overflow_crystal_walls, eino_tiny_chamber
D:4:      elyvilon_altar_5, vehumet_altar_wand_db,
          minmay_temple_entry_from_below_a, serial_shops, kennysheep_little_box,
          cheibrodos_sewer_entry_sluice, guppyfry_early_lair_pool

Skill      XL: |  1  2 |
---------------+-------+-----
Long Blades    | 3 4 |  4.7
Fighting       | |  2.4
Armour         | |  1.5
Dodging        | |  2.4

Action                   |  1- 3 |  4- 6 || total
-------------------------+-------+-------++-------
Melee: Falchion          |    47 |     4 ||    51
Invok: Berserk           |     2 |     1 ||     3
       Trog's Hand       |       |     2 ||     2
Evoke: Wand              |     3 |     2 ||     5
  Use: Scroll            |     4 |       ||     4
  Eat: Chunk             |     1 |       ||     1
Armor: Animal skin       |     5 |       ||     5
       Ring mail         |     8 |     5 ||    13
Dodge: Dodged            |    38 |    12 ||    50
       Rpst.: Falchion   |    13 |     1 ||    14

Table legend:
 A = Spawn XP
 B = Non-spawn XP
 C = Spawn XP percentage of total XP
 D = Spawn monster count
 E = Non-spawn monster count
 F = Spawn count percentage of total count
 G = Total turns spent on level
                    A         B        C        D         E        F      G
               +---------+---------+-------+---------+---------+-------+---------
         Total |       0 |     124 |   0.0 |       0 |      20 |   0.0 |   524
               +---------+---------+-------+---------+---------+-------+---------
           D:1 |       0 |      16 |   0.0 |       0 |       8 |   0.0 |   220
           D:2 |       0 |       5 |   0.0 |       0 |       3 |   0.0 |    74
           D:3 |       0 |      14 |   0.0 |       0 |       2 |   0.0 |    48
           D:4 |       0 |      89 |   0.0 |       0 |       7 |   0.0 |   182
               +---------+---------+-------+---------+---------+-------+---------
